 Dungeon Crawl Stone Soup version 0.21-a0-84-g85d6d27 (webtiles) character file.

128 Letos the Conjurer (level 5, 0/28 HPs)
             Began as a Tengu Conjurer on July 8, 2017.
             Killed from afar by Sigmund (4 damage)
             ... with a puff of flame
             ... on level 2 of the Dungeon.
             The game lasted 00:03:53 (2024 turns).

Letos the Conjurer (Tengu Conjurer)                 Turns: 2024, Time: 00:03:53

Health: 0/28       AC:  4    Str:  8    XL:     5   Next: 12%
Magic:  3/9        EV: 12    Int: 17    God:
Gold:   61         SH:  0    Dex: 14    Spells: 4/8 levels left

rFire    . . .     SeeInvis .   j - +1 short sword
rCold    . . .     Gourm    .   (no shield)
rNeg     . . .     Faith    .   e - +0 leather armour
rPois    .         Spirit   .   (helmet restricted)
rElec    .         Reflect  .   k - +0 cloak
rCorr    .         Harm     .   (no gloves)
MR       .....                  (boots unavailable)
Stlth    +.........             (no amulet)
HPRegen  0.09/turn              (no ring)
MPRegen  0.11/turn              (no ring)

@: confused
A: beak, talons 3, able to fly 1
a: Fly


You were on level 2 of the Dungeon.
You were not hungry.

You visited 1 branch of the dungeon, and saw 2 of its levels.

You collected 61 gold pieces.

Inventory:

Hand Weapons
 j - a +1 short sword (weapon)
Armour
 a - a +0 robe
 e - a +0 leather armour (worn)
 k - a +0 cloak (worn)
Wands
 o - a wand of flame (41/48)
Potions
 g - 2 potions of flight {unknown}
 h - a potion of resistance {unknown}
 l - a potion of agility {unknown}
Books
 b - a book of Conjurations

   Spells                             Type                      Level
   a - Magic Dart                     Conjuration                  1
   b - Searing Ray                    Conjuration                  2
   c - Dazzling Spray                 Conjuration/Hexes            3
   d - Fulminant Prism                Conjuration/Hexes            4
   e - Force Lance                    Conjuration/Translocation    4
   f - Iskenderun's Mystic Blast      Conjuration                  4
Comestibles
 c - 4 bread rations
 d - a chunk of flesh
 f - 2 fruits
 i - 2 royal jellies


   Skills:
 + Level 2.9 Short Blades
 - Level 2.1 Dodging
 - Level 2.0 Stealth
 - Level 2.0 Spellcasting
 + Level 6.6 Conjurations
 * Level 1.3 Hexes


You had 4 spell levels left.
You knew the following spells:

 Your Spells              Type           Power        Failure   Level  Hunger
a - Magic Dart            Conj           ###.         1%          1    #......
b - Dazzling Spray        Conj/Hex       ###...       16%         3    ###....


Dungeon Overview and Level Annotations

Branches:
Dungeon (2/15)

Altars:
Dithmenos
Fedhas
Nemelex Xobeh

Annotations:
D:2 Sigmund


Innate Abilities, Weirdness & Mutations

You have a beak for a mouth.
You have claws for feet.
You can fly.


Message History

Sigmund giggles. "Time to reap what you sow."
Sigmund misses you.
You hit Sigmund. Your kick misses Sigmund.
Sigmund is lightly wounded.
You barely miss Sigmund. You claw Sigmund, but do no damage.
Sigmund is lightly wounded.
Sigmund hits you with a scythe of protection!
Casting: Dazzling Spray
Confirm with . or Enter, or press ? or * to list all spells.
You don't have enough magic to cast that spell.
Sigmund is no longer blind.
Sigmund hits you from afar with a scythe of protection!
* * * LOW HITPOINT WARNING * * *
Sigmund points at you and mumbles some strange words.
You are confused.
You bump into the rock wall.
There is an escape hatch in the ceiling here.
Sigmund points at you and mumbles some strange words.
The puff of flame hits you!
You die...

#.#.### ######.#.#
#############.# #......#.#
............... .........###
########.###.#.# #<.....#.##.
####..........#.#.# #.####.#..#.
#.##[######.#.#.#.# ..#..#.
#....#....#.#.#.#.# ######..#.
##.......#.#.#@#@#.# .........#.
......#..#.#.#.#.#.# ########...
##.####..#.#.#.#.#.######## ##..
##.####..#.#.#.#@#........#####..
.................................
....###..#.#.#.#.########.######.
....# #..#.....#.# #.......# #.
##..# #..###...#.# #.......# #.
##.# #......#.#.# #.......# #.


You could see Sigmund.

Vanquished Creatures
  Natasha (thrice) (D:2)
  2 adders (D:2)
  An ooze (D:2)
  2 dart slugs
  2 leopard geckos
  A giant cockroach (D:2)
  A goblin (D:2)
  5 hobgoblins
  2 jackals (D:2)
  5 kobolds
  A quokka (D:2)
  A bat (D:1)
  5 rats
31 creatures vanquished.

Notes
Turn   | Place    | Note
-------+----------+-------------------------------------------
     0 | D:1      | Letos the Tengu Conjurer began the quest for the Orb.
     0 | D:1      | Reached XP level 1. HP: 10/10 MP: 4/4
   393 | D:1      | Reached XP level 2. HP: 7/15 MP: 0/6
   804 | D:1      | Reached skill level 1 in Short Blades
   961 | D:2      | Noticed Natasha
   987 | D:2      | Killed Natasha
   987 | D:2      | Reached skill level 6 in Conjurations
   987 | D:2      | Reached XP level 3. HP: 19/19 MP: 2/7
  1308 | D:2      | Learned a level 3 spell: Dazzling Spray
  1384 | D:2      | Reached XP level 4. HP: 13/24 MP: 2/8
  1630 | D:2      | Noticed Natasha
  1635 | D:2      | Killed Natasha
  1636 | D:2      | Reached skill level 1 in Hexes
  1641 | D:2      | Found a blossoming altar of Fedhas.
  1641 | D:2      | Found a sparkling altar of Nemelex Xobeh.
  1781 | D:2      | Found a faded altar of an unknown god.
  1783 | D:2      | Found a faded altar of an unknown god.
  1784 | D:2      | Found a shadowy altar of Dithmenos.
  1982 | D:2      | Noticed Natasha
  1984 | D:2      | Killed Natasha
  1984 | D:2      | Gained mutation: You can fly. [Tengu growth]
  1984 | D:2      | Reached XP level 5. HP: 28/28 MP: 5/9
  2002 | D:2      | Noticed Sigmund
  2024 | D:2      | Killed from afar by Sigmund

Vault maps used:
D:1:      sevenhm_arrival_forest_fort_small_4
D:2:      lemuel_round_altar, yredelemnul_altar_generic,
          chequers_temple_overflow_minitemple, uniq_sigmund, uniq_natasha

Skill      XL: |  1  2  3  4 |
---------------+-------------+-----
Short Blades   | 2 |  2.9
Conjurations   | 6 |  6.6
Hexes          | 1 |  1.3
Dodging        | |  2.1
Stealth        | |  2.0
Spellcasting   | |  2.0

Action                   |  1- 3 |  4- 6 || total
-------------------------+-------+-------++-------
Melee: Short sword       |    10 |    17 ||    27
       Peck              |     1 |       ||     1
       Kick              |     2 |     3 ||     5
 Cast: Magic Dart        |    37 |    22 ||    59
       Dazzling Spray    |       |     1 ||     1
  Use: Scroll            |     4 |       ||     4
  Eat: Fruit             |     1 |     1 ||     2
       Chunk             |       |     3 ||     3
Armor: Leather armour    |     2 |     3 ||     5
Dodge: Dodged            |     5 |    10 ||    15
